General information
- name: BNet
- type: Ladder team game (AT/RT)
- host: Battle.net
- saver: iggy_the_fisk
map: Monsoon
- players: 6
- length: 41:32
- speed: Fast
- version: 1.21 W3XP
- replay type:

» download(261 KB)
Players
team 1 (winner)
BO_SCHEMBECHLER (
blue | 61 APM | 2550 actions | 41:30)
7 Blood Mage
3 Flame Strike
3 Siphon Mana
1 Summon Phoenix
4 Paladin
2 Holy Light
2 Divine Shield
» actions
| Assign group hotkey | 15 | |
| Basic commands | 73 | |
| Build / train | 130 | |
| ESC pressed | 5 | |
| Enter build submenu | 48 | |
| Enter hero's abilities submenu | 11 | |
| Give item / drop item | 11 | |
| Right click | 735 | |
| Select / deselect | 399 | |
| Select group hotkey | 810 | |
| Use ability | 313 | |
2550 total
» units
| Peasant | 25 | |
| Dragonhawk Rider | 10 | |
| Siege Engine | 10 | |
45 total
» upgrades
| Masonry | 3 | |
| Lumber Harvesting | 2 | |
| Sorceress Training | 1 | |
| Magic Sentry | 1 | |
| Animal War Training | 1 | |
| Armor | 2 | |
| Swords | 2 | |
| Cloud | 1 | |
| Gunpowder | 3 | |
16 total
» buildings
| Altar of Kings | 1 | |
| Lumber Mill | 1 | |
| Farm | 17 | |
| Scout Tower | 85 | |
| Arcane Tower | 2 | |
| Guard Tower | 28 | |
| Arcane Vault | 1 | |
| Keep | 1 | |
| Town Hall | 2 | |
| Gryphon Aviary | 1 | |
| Castle | 1 | |
| Barracks | 2 | |
| Blacksmith | 2 | |
| Arcane Sanctum | 1 | |
| Workshop | 6 | |
151 total
» build order
00:07 Altar of Kings
00:18 Lumber Mill
00:33 Farm
00:35 Farm
00:36 Scout Tower
01:08 Arcane Tower
01:18 Scout Tower
01:40 Scout Tower
01:45 Guard Tower
01:46 Guard Tower
01:48 Scout Tower
01:53 Scout Tower
01:54 Scout Tower
02:17 Guard Tower
02:17 Guard Tower
02:35 Farm
02:46 Guard Tower
02:55 Guard Tower
02:58 Scout Tower
03:01 Scout Tower
03:11 Scout Tower
03:32 Guard Tower
03:33 Scout Tower
03:37 Scout Tower
03:55 Guard Tower
04:11 Guard Tower
04:14 Scout Tower
04:16 Scout Tower
04:17 Scout Tower
04:55 Guard Tower
05:51 Scout Tower
05:52 Scout Tower
05:59 Arcane Vault
06:52 Keep
07:01 Guard Tower
07:31 Scout Tower
08:17 Town Hall
08:22 Scout Tower
09:28 Scout Tower
09:30 Scout Tower
09:31 Scout Tower
10:31 Gryphon Aviary
10:49 Guard Tower
11:15 Guard Tower
11:52 Farm
11:52 Farm
11:52 Farm
11:59 Scout Tower
12:01 Scout Tower
12:04 Scout Tower
12:04 Scout Tower
12:05 Scout Tower
12:07 Scout Tower
12:07 Scout Tower
12:08 Scout Tower
12:09 Scout Tower
12:10 Scout Tower
12:11 Scout Tower
12:50 Guard Tower
13:52 Castle
14:24 Guard Tower
14:54 Guard Tower
15:00 Guard Tower
15:19 Guard Tower
16:25 Guard Tower
16:33 Scout Tower
16:33 Scout Tower
16:34 Scout Tower
17:45 Barracks
17:48 Blacksmith
17:56 Guard Tower
17:57 Guard Tower
18:24 Arcane Sanctum
18:41 Barracks
20:25 Scout Tower
20:26 Scout Tower
20:27 Scout Tower
20:27 Scout Tower
20:28 Scout Tower
20:28 Scout Tower
20:29 Scout Tower
20:30 Scout Tower
20:30 Scout Tower
22:50 Arcane Tower
23:58 Scout Tower
23:59 Scout Tower
23:59 Scout Tower
23:59 Scout Tower
23:59 Scout Tower
24:00 Scout Tower
24:00 Scout Tower
24:01 Scout Tower
24:01 Scout Tower
24:01 Scout Tower
24:34 Guard Tower
25:00 Guard Tower
25:19 Scout Tower
25:19 Scout Tower
25:19 Scout Tower
25:20 Scout Tower
25:20 Scout Tower
25:20 Scout Tower
25:21 Scout Tower
25:22 Scout Tower
25:37 Guard Tower
25:57 Guard Tower
26:04 Guard Tower
27:05 Town Hall
27:10 Scout Tower
27:11 Scout Tower
27:11 Scout Tower
27:13 Scout Tower
27:13 Scout Tower
27:13 Scout Tower
27:15 Scout Tower
27:16 Scout Tower
27:18 Scout Tower
27:18 Scout Tower
27:18 Scout Tower
27:19 Scout Tower
27:19 Scout Tower
27:21 Scout Tower
27:21 Scout Tower
27:22 Scout Tower
30:03 Guard Tower
30:30 Guard Tower
37:30 Workshop
37:31 Workshop
37:32 Workshop
37:33 Workshop
38:13 Workshop
38:37 Blacksmith
39:16 Workshop
39:59 Farm
40:00 Farm
40:00 Farm
40:00 Farm
40:02 Farm
40:03 Farm
40:03 Farm
40:03 Farm
40:03 Farm
40:04 Farm
40:04 Farm
» items
| Periapt of Vitality | 3 | |
| Circlet of Nobility | 4 | |
| Staff of Teleportation | 2 | |
| Lesser Clarity Potion | 2 | |
| Healing Salve | 1 | |
| Boots of Speed | 2 | |
| Potion of Invisibility | 5 | |
| Potion of Mana | 1 | |
| Staff of Sanctuary | 2 | |
22 total

»
iggy_the_fisk (
green | 132 APM | 5498 actions | 41:32)
5 Archmage
3 Blizzard
2 Brilliance Aura
4 Mountain King
2 Storm Bolt
2 Bash
4 Pandaren Brewmaster
2 Breath of Fire
2 Drunken Haze
» actions
| Assign group hotkey | 224 | |
| Basic commands | 32 | |
| Build / train | 136 | |
| Enter build submenu | 82 | |
| Enter hero's abilities submenu | 14 | |
| Give item / drop item | 6 | |
| Right click | 2514 | |
| Select / deselect | 525 | |
| Select group hotkey | 1644 | |
| Use ability | 321 | |
5498 total
» units
| Peasant | 26 | |
| Dragonhawk Rider | 4 | |
| Gryphon Rider | 4 | |
34 total
» upgrades
| Masonry | 3 | |
| Lumber Harvesting | 2 | |
| Magic Sentry | 1 | |
| Swords | 3 | |
| Armor | 3 | |
| Animal War Training | 1 | |
| Cloud | 1 | |
| Storm Hammers | 1 | |
15 total
» buildings
| Altar of Kings | 1 | |
| Lumber Mill | 1 | |
| Farm | 11 | |
| Scout Tower | 65 | |
| Arcane Tower | 1 | |
| Guard Tower | 41 | |
| Arcane Vault | 3 | |
| Keep | 1 | |
| Town Hall | 1 | |
| Castle | 1 | |
| Arcane Sanctum | 1 | |
| Gryphon Aviary | 2 | |
| Blacksmith | 1 | |
| Barracks | 1 | |
131 total
» build order
00:05 Altar of Kings
00:19 Lumber Mill
00:34 Farm
01:18 Scout Tower
01:27 Farm
01:34 Scout Tower
01:48 Arcane Tower
01:49 Scout Tower
02:13 Guard Tower
02:13 Guard Tower
02:14 Guard Tower
02:28 Guard Tower
02:32 Scout Tower
03:09 Guard Tower
03:14 Arcane Vault
03:22 Scout Tower
03:42 Keep
03:50 Guard Tower
03:51 Scout Tower
03:59 Scout Tower
04:19 Guard Tower
04:20 Scout Tower
04:33 Guard Tower
04:50 Guard Tower
04:52 Scout Tower
04:54 Scout Tower
05:24 Guard Tower
05:50 Scout Tower
06:08 Town Hall
06:15 Scout Tower
06:32 Scout Tower
07:06 Guard Tower
07:31 Guard Tower
07:33 Scout Tower
08:02 Guard Tower
08:04 Scout Tower
08:41 Guard Tower
08:45 Scout Tower
08:47 Castle
09:05 Farm
09:05 Farm
09:24 Guard Tower
09:25 Scout Tower
09:28 Arcane Sanctum
10:21 Guard Tower
10:23 Scout Tower
10:25 Scout Tower
10:38 Farm
10:39 Gryphon Aviary
10:55 Gryphon Aviary
11:04 Blacksmith
11:18 Guard Tower
11:20 Scout Tower
11:30 Scout Tower
11:52 Guard Tower
11:54 Scout Tower
12:00 Guard Tower
12:03 Scout Tower
12:06 Barracks
12:47 Guard Tower
12:53 Guard Tower
12:57 Scout Tower
12:58 Scout Tower
14:06 Guard Tower
14:09 Scout Tower
15:20 Guard Tower
15:21 Scout Tower
15:40 Scout Tower
15:41 Scout Tower
15:41 Scout Tower
15:42 Scout Tower
16:31 Scout Tower
16:54 Guard Tower
17:55 Scout Tower
18:08 Guard Tower
18:09 Scout Tower
18:10 Scout Tower
18:11 Scout Tower
18:11 Scout Tower
18:34 Guard Tower
20:15 Guard Tower
20:20 Scout Tower
20:21 Scout Tower
22:06 Guard Tower
22:07 Scout Tower
22:07 Scout Tower
22:59 Guard Tower
23:06 Guard Tower
24:10 Scout Tower
24:13 Scout Tower
24:57 Guard Tower
24:58 Scout Tower
25:13 Scout Tower
25:28 Guard Tower
25:29 Scout Tower
26:08 Guard Tower
26:09 Scout Tower
26:13 Scout Tower
27:01 Guard Tower
27:09 Arcane Vault
28:00 Scout Tower
28:33 Guard Tower
30:57 Scout Tower
30:57 Scout Tower
30:59 Scout Tower
30:59 Scout Tower
31:01 Scout Tower
32:12 Guard Tower
33:28 Scout Tower
33:30 Scout Tower
33:38 Scout Tower
33:39 Scout Tower
33:42 Scout Tower
33:43 Scout Tower
33:44 Scout Tower
34:35 Guard Tower
34:36 Scout Tower
34:43 Scout Tower
34:45 Guard Tower
35:06 Scout Tower
35:07 Scout Tower
35:12 Arcane Vault
36:29 Guard Tower
37:16 Guard Tower
39:22 Farm
39:26 Farm
39:27 Farm
39:28 Farm
39:30 Farm
39:31 Farm
» items
| Scroll of Regeneration | 7 | |
| Staff of Teleportation | 3 | |
| Staff of Sanctuary | 3 | |
| Boots of Speed | 1 | |
| Scroll of Town Portal | 4 | |
| Orb of Lightning | 2 | |
| Healing Salve | 2 | |
| Lesser Clarity Potion | 1 | |
23 total
PEEON.YOU (
pink | 72 APM | 2976 actions | 41:30)
7 Tauren Chieftain
3 Shockwave
3 Endurance Aura
1 Reincarnation
6 Pandaren Brewmaster
3 Breath of Fire
1 Drunken Brawler
1 Drunken Haze
1 Storm Earth and Fire
» actions
| Assign group hotkey | 307 | |
| Basic commands | 51 | |
| Build / train | 85 | |
| Enter build submenu | 90 | |
| Enter hero's abilities submenu | 13 | |
| Give item / drop item | 14 | |
| Right click | 1156 | |
| Select / deselect | 379 | |
| Select group hotkey | 617 | |
| Use ability | 263 | |
2976 total
» units
| Peon | 18 | |
| Troll Batrider | 10 | |
| Raider | 9 | |
37 total
» upgrades
| Spiked Barricades | 3 | |
| Liquid Fire | 1 | |
| Melee Weapons | 3 | |
| Pillage | 1 | |
| Armor | 1 | |
| Ensnare | 1 | |
10 total
» buildings
| Altar of Storms | 1 | |
| War Mill | 2 | |
| Orc Burrow | 3 | |
| Watch Tower | 72 | |
| Voodoo Lounge | 3 | |
| Stronghold | 1 | |
| Great Hall | 2 | |
| Beastiary | 2 | |
| Fortress | 1 | |
87 total
» build order
00:08 Altar of Storms
00:14 War Mill
00:30 Orc Burrow
01:44 Watch Tower
02:11 Watch Tower
02:31 Watch Tower
02:50 Watch Tower
03:02 Voodoo Lounge
03:07 Orc Burrow
03:25 Watch Tower
03:52 Watch Tower
04:20 Watch Tower
04:29 Watch Tower
04:58 Watch Tower
05:27 Watch Tower
05:38 Watch Tower
05:55 Stronghold
06:36 Watch Tower
07:14 Orc Burrow
07:17 Watch Tower
07:40 Watch Tower
07:49 Watch Tower
08:11 Great Hall
08:14 Watch Tower
08:28 War Mill
08:52 Watch Tower
09:20 Watch Tower
09:25 Beastiary
10:01 Watch Tower
10:22 Fortress
10:27 Watch Tower
11:05 Watch Tower
11:32 Watch Tower
11:35 Watch Tower
11:39 Watch Tower
12:05 Watch Tower
12:20 Watch Tower
12:47 Watch Tower
12:54 Watch Tower
13:01 Watch Tower
13:37 Watch Tower
13:53 Watch Tower
14:07 Watch Tower
14:52 Watch Tower
15:24 Watch Tower
15:28 Watch Tower
15:56 Watch Tower
16:07 Voodoo Lounge
16:46 Watch Tower
17:58 Watch Tower
18:04 Voodoo Lounge
19:06 Watch Tower
21:46 Watch Tower
22:48 Watch Tower
24:34 Watch Tower
24:45 Watch Tower
27:03 Watch Tower
30:58 Watch Tower
31:00 Watch Tower
31:02 Watch Tower
31:03 Watch Tower
31:05 Watch Tower
31:07 Watch Tower
32:20 Great Hall
32:22 Watch Tower
32:24 Watch Tower
32:25 Watch Tower
32:29 Watch Tower
32:31 Watch Tower
32:43 Watch Tower
32:44 Watch Tower
33:35 Watch Tower
33:37 Watch Tower
33:38 Watch Tower
33:41 Watch Tower
33:51 Watch Tower
33:52 Watch Tower
34:37 Watch Tower
34:53 Watch Tower
34:55 Watch Tower
34:57 Watch Tower
35:00 Watch Tower
35:01 Watch Tower
35:04 Watch Tower
36:27 Watch Tower
36:28 Watch Tower
38:06 Beastiary
» items
| Healing Salve | 6 | |
| Lesser Clarity Potion | 5 | |
| Staff of Teleportation | 2 | |
| Boots of Speed | 2 | |
| Orb of Lightning | 2 | |
| Periapt of Vitality | 1 | |
| Staff of Sanctuary | 2 | |
| Scroll of Regeneration | 1 | |
21 total
team 2 (loser)
Kavera (
yellow | 41 APM | 1505 actions | 36:33)
3 Firelord
2 Summon Lava Spawn
1 Incinerate
» actions
| Assign group hotkey | 41 | |
| Build / train | 123 | |
| ESC pressed | 3 | |
| Enter build submenu | 23 | |
| Enter hero's abilities submenu | 3 | |
| Remove unit from queue | 5 | |
| Right click | 688 | |
| Select / deselect | 351 | |
| Select group hotkey | 232 | |
| Use ability | 36 | |
1505 total
» units
| Acolyte | 13 | |
| Ghoul | 28 | |
| Obsidian Statue | 14 | |
| Necromancer | 5 | |
| Frost Wyrm | 39 | |
99 total
» upgrades
| Unholy Strength | 1 | |
| Unholy Armor | 1 | |
| Creature Attack | 2 | |
| Creature Carapace | 2 | |
| Necromancer Training | 1 | |
| Destroyer Form | 1 | |
| Freezing Breath | 1 | |
9 total
» buildings
| Crypt | 2 | |
| Ziggurat | 8 | |
| Altar of Darkness | 1 | |
| Halls of the Dead | 1 | |
| Graveyard | 1 | |
| Spirit Tower | 3 | |
| Slaughterhouse | 1 | |
| Tomb of Relics | 1 | |
| Temple of the Damned | 1 | |
| Sacrificial Pit | 1 | |
| Black Citadel | 1 | |
| Nerubian Tower | 1 | |
| Boneyard | 2 | |
24 total
» build order
00:05 Crypt
00:07 Crypt
00:31 Ziggurat
01:02 Altar of Darkness
01:33 Ziggurat
02:31 Ziggurat
03:43 Ziggurat
04:48 Halls of the Dead
04:52 Graveyard
06:55 Ziggurat
06:55 Ziggurat
07:42 Spirit Tower
08:16 Slaughterhouse
08:19 Tomb of Relics
08:58 Temple of the Damned
10:13 Sacrificial Pit
10:42 Black Citadel
12:48 Ziggurat
12:50 Ziggurat
14:55 Nerubian Tower
14:57 Spirit Tower
24:09 Boneyard
25:36 Boneyard
33:19 Spirit Tower
mentospower (
teal | 68 APM | 2361 actions | 34:33)
6 Shadow Hunter
3 Serpent Ward
1 Healing Wave
2 Hex
2 Tauren Chieftain
1 Shockwave
1 Endurance Aura
» actions
| Assign group hotkey | 98 | |
| Basic commands | 5 | |
| Build / train | 125 | |
| ESC pressed | 85 | |
| Enter build submenu | 27 | |
| Enter hero's abilities submenu | 8 | |
| Give item / drop item | 1 | |
| Remove unit from queue | 4 | |
| Right click | 1197 | |
| Select / deselect | 489 | |
| Select group hotkey | 165 | |
| Use ability | 157 | |
2361 total
» units
| Peon | 43 | |
| Grunt | 10 | |
| Demolisher | 10 | |
| Troll Batrider | 8 | |
| Wind Rider | 3 | |
| Raider | 9 | |
83 total
» upgrades
| Ensnare | 1 | |
| Burning Oil | 1 | |
| Armor | 1 | |
| Ranged Weapons | 3 | |
| Envenomed Spears | 1 | |
7 total
» buildings
| Altar of Storms | 1 | |
| Orc Burrow | 11 | |
| Barracks | 3 | |
| Stronghold | 3 | |
| Voodoo Lounge | 1 | |
| Great Hall | 2 | |
| War Mill | 1 | |
| Beastiary | 2 | |
| Fortress | 1 | |
| Watch Tower | 14 | |
39 total
» build order
00:07 Altar of Storms
00:10 Orc Burrow
01:21 Barracks
01:24 Barracks
01:28 Orc Burrow
03:10 Orc Burrow
04:19 Stronghold
04:19 Stronghold
05:08 Voodoo Lounge
06:16 Great Hall
06:25 War Mill
06:34 Barracks
07:01 Beastiary
07:57 Orc Burrow
10:51 Fortress
10:57 Orc Burrow
10:57 Orc Burrow
10:58 Orc Burrow
10:59 Orc Burrow
12:55 Beastiary
13:05 Watch Tower
13:06 Watch Tower
13:07 Watch Tower
14:06 Watch Tower
14:30 Watch Tower
16:45 Great Hall
17:04 Watch Tower
17:05 Watch Tower
17:05 Watch Tower
17:06 Watch Tower
17:57 Watch Tower
18:16 Watch Tower
19:00 Orc Burrow
25:27 Watch Tower
25:28 Watch Tower
25:28 Watch Tower
26:03 Orc Burrow
26:06 Orc Burrow
» items
| Healing Salve | 2 | |
| Lesser Clarity Potion | 2 | |
| Scroll of Speed | 1 | |
| Tome of Retraining | 1 | |
| Scroll of Town Portal | 2 | |
| Orb of Lightning | 1 | |
| Potion of Mana | 3 | |
| Potion of Healing | 2 | |
| Orb of Corruption | 1 | |
15 total
Oligoleto (
purple | 51 APM | 2118 actions | 41:30)
6 Shadow Hunter
3 Serpent Ward
2 Hex
1 Big Bad Voodoo
» actions
| Assign group hotkey | 53 | |
| Build / train | 105 | |
| Enter build submenu | 22 | |
| Enter hero's abilities submenu | 6 | |
| Give item / drop item | 1 | |
| Remove unit from queue | 3 | |
| Right click | 1174 | |
| Select / deselect | 345 | |
| Select group hotkey | 292 | |
| Use ability | 117 | |
2118 total
» units
| Peon | 28 | |
| Grunt | 4 | |
| Demolisher | 11 | |
| Shaman | 5 | |
| Troll Witch Doctor | 7 | |
| Ogre Magi | 1 | |
| Tauren | 6 | |
| Troll Batrider | 7 | |
69 total
» upgrades
| Shaman Training | 2 | |
| Witch Doctor Training | 2 | |
| Burning Oil | 1 | |
5 total
» buildings
| Altar of Storms | 1 | |
| Orc Burrow | 9 | |
| Barracks | 2 | |
| Stronghold | 1 | |
| War Mill | 1 | |
| Voodoo Lounge | 1 | |
| Great Hall | 1 | |
| Fortress | 1 | |
| Spirit Lodge | 2 | |
| Tauren Totem | 2 | |
| Beastiary | 2 | |
23 total
» build order
00:06 Altar of Storms
00:20 Orc Burrow
00:53 Barracks
01:30 Orc Burrow
03:13 Orc Burrow
04:22 Stronghold
04:53 Barracks
05:22 Orc Burrow
05:24 War Mill
05:53 Orc Burrow
05:57 Voodoo Lounge
09:05 Great Hall
09:16 Fortress
09:35 Spirit Lodge
09:40 Spirit Lodge
13:10 Orc Burrow
13:15 Orc Burrow
16:35 Orc Burrow
16:38 Orc Burrow
24:47 Tauren Totem
24:51 Tauren Totem
30:27 Beastiary
30:30 Beastiary
» items
| Scroll of Town Portal | 6 | |
| Healing Salve | 2 | |
| Lesser Clarity Potion | 2 | |
| Orb of Lightning | 3 | |
| Orb of Corruption | 1 | |
| Potion of Healing | 5 | |
19 total
Chat log
(00:06 / All) iggy_the_fisk: quit
(00:18 / All) mentospower: press alt q q before
(00:26 / All) Oligoleto: it gives gold
(00:27 / All) iggy_the_fisk: ha ha gaye noob quit game
(00:43 / All) mentospower: gay is thw 1 that is a coward
(00:47 / All) mentospower: and ask ppl to quit
(00:56 / All) iggy_the_fisk: done waste time just leave
(01:01 / All) PEEON.YOU: brb turning on maphack
(01:08 / All) Oligoleto: wow srry pro
(01:13 / All) mentospower: k ill turn mine too
(04:08 / All) iggy_the_fisk: QUIT
(04:16 / All) Oligoleto: lol noobs
(04:45 / All) iggy_the_fisk: boye that worked out well noobie qyiut
(20:50 / All) iggy_the_fisk: QUIT
(20:54 / Allies) iggy_the_fisk: NOOBS QUIT
(21:51 / All) iggy_the_fisk: QUIT NOOBBS QUIT NOOS
(23:37 / All) iggy_the_fisk: QUIT NOOBS QUIT
(28:41 / All) iggy_the_fisk: QUIT RETARD NOOBS
(29:39 / All) iggy_the_fisk: QUIT NOOBS
(31:27 / All) iggy_the_fisk: OLIGOTELLO BIG GAY NOOBE QUITE
(33:07 / All) iggy_the_fisk: SMALLDICKE FAG LEAVE
(33:10 / All) iggy_the_fisk: U LOSE
(33:14 / All) iggy_the_fisk: NOOBĂ‹
(34:57 / All) iggy_the_fisk: LUMAO WHO THE NOOBE NOW??
(35:00 / All) iggy_the_fisk: AMERICAN RETARDE
(35:08 / All) Oligoleto: u are the noob
(35:14 / All) iggy_the_fisk: OWN U SO HARD LMAO
(35:15 / All) Oligoleto: never seen worst strategy
(35:19 / All) iggy_the_fisk: I HAVE
(35:20 / All) iggy_the_fisk: UR
(35:21 / All) iggy_the_fisk: STRATEGY
(35:22 / All) Oligoleto: lol OWN???
(35:25 / All) iggy_the_fisk: LOSE TO OURS LMAO
(35:35 / All) iggy_the_fisk: WHAT U CAL STRAT?
(35:42 / All) iggy_the_fisk: RUN INTO TOWER AND DIE LIKE TWIN TOWER? HAHAHAE
(35:51 / All) Oligoleto: haha towers game isnt
(36:08 / All) iggy_the_fisk: maybe if u look up from cheeseburger 1 seconde
(36:13 / All) iggy_the_fisk: U realise game isabout winning?
(36:42 / All) iggy_the_fisk: NOOBĂ‹
(36:51 / All) Oligoleto: destroy everything
(36:54 / All) Oligoleto: i wont leacve
(36:56 / All) iggy_the_fisk: ANOTHER NOOBE OWNED
(37:02 / All) iggy_the_fisk: TRIES TO SAVE FAT AMERICAN FACE
(38:46 / All) iggy_the_fisk: heal darknesshunter good reale noob
(40:44 / All) iggy_the_fisk: still here of course lil noobe ahaha
(40:48 / All) iggy_the_fisk: cant playe game
(41:07 / All) Oligoleto: u cant either
(41:08 / All) iggy_the_fisk: how many time i got to owne you??
(41:11 / All) iggy_the_fisk: LMAO u the worst player
(41:12 / All) iggy_the_fisk: all word
(41:17 / All) Oligoleto: uahuahu
(41:20 / All) Oligoleto: yeah I am
(41:24 / All) Oligoleto: u arent